General information
- name: BNet
- type: Ladder team game (AT/RT)
- host: Battle.net
- saver: TheWildOne
map: Deathknell
- players: 8
- length: 41:13
- speed: Fast
- version: 1.26 W3XP
- replay type: Public
» download(234 KB)
Players
team 1 (winner)
TheWildOne (
green | 51 APM | 2109 actions | 41:13)
9 Archmage
3 Summon Water Elemental
3 Brilliance Aura
1 Mass Teleport
2 Blizzard
» actions
| Assign group hotkey | 34 | |
| Basic commands | 44 | |
| Build / train | 111 | |
| Enter build submenu | 59 | |
| Enter hero's abilities submenu | 9 | |
| Give item / drop item | 1 | |
| Remove unit from queue | 1 | |
| Right click | 765 | |
| Select / deselect | 440 | |
| Select group hotkey | 447 | |
| Use ability | 198 | |
2109 total
» units
| Peasant | 12 | |
| Footman | 4 | |
| Goblin Shredder | 2 | |
| Gryphon Rider | 9 | |
| Goblin Zeppelin | 2 | |
| Goblin Sapper | 14 | |
| Siege Engine | 3 | |
46 total
» upgrades
| Masonry | 3 | |
| Swords | 3 | |
| Armor | 3 | |
| Animal War Training | 1 | |
| Storm Hammers | 1 | |
| Cloud | 1 | |
| Gunpowder | 3 | |
| Barrage | 1 | |
| Plating | 2 | |
18 total
» buildings
| Altar of Kings | 1 | |
| Barracks | 1 | |
| Farm | 12 | |
| Scout Tower | 42 | |
| Arcane Tower | 1 | |
| Arcane Vault | 2 | |
| Keep | 1 | |
| Lumber Mill | 1 | |
| Town Hall | 3 | |
| Castle | 1 | |
| Gryphon Aviary | 4 | |
| Guard Tower | 12 | |
| Blacksmith | 2 | |
| Workshop | 1 | |
| Arcane Sanctum | 1 | |
85 total
» build order
00:37 Altar of Kings
00:38 Barracks
00:51 Farm
00:52 Farm
01:05 Farm
01:38 Scout Tower
01:55 Farm
02:23 Arcane Tower
03:00 Arcane Vault
03:44 Keep
04:21 Lumber Mill
04:42 Town Hall
05:45 Scout Tower
05:48 Scout Tower
05:50 Scout Tower
07:04 Castle
07:07 Scout Tower
07:07 Scout Tower
07:08 Scout Tower
07:09 Scout Tower
07:45 Gryphon Aviary
07:47 Gryphon Aviary
07:49 Gryphon Aviary
07:50 Gryphon Aviary
08:09 Farm
08:16 Guard Tower
08:49 Blacksmith
08:52 Blacksmith
11:12 Guard Tower
20:19 Scout Tower
20:19 Scout Tower
20:20 Scout Tower
20:21 Scout Tower
20:22 Scout Tower
20:22 Scout Tower
20:23 Scout Tower
20:59 Guard Tower
22:16 Guard Tower
23:39 Scout Tower
23:39 Scout Tower
23:40 Scout Tower
23:40 Scout Tower
23:40 Scout Tower
23:41 Scout Tower
23:42 Scout Tower
23:42 Scout Tower
23:42 Scout Tower
24:22 Workshop
25:10 Guard Tower
25:43 Guard Tower
28:18 Town Hall
28:21 Scout Tower
28:21 Scout Tower
28:22 Scout Tower
28:22 Scout Tower
28:23 Scout Tower
28:23 Scout Tower
28:24 Scout Tower
28:25 Scout Tower
29:01 Farm
29:04 Farm
29:27 Guard Tower
30:58 Guard Tower
33:41 Town Hall
33:59 Scout Tower
33:59 Scout Tower
34:00 Scout Tower
34:00 Scout Tower
34:01 Scout Tower
34:02 Scout Tower
34:02 Scout Tower
34:03 Scout Tower
34:10 Scout Tower
34:10 Scout Tower
34:46 Guard Tower
35:01 Guard Tower
36:07 Guard Tower
36:40 Guard Tower
37:03 Farm
37:04 Farm
37:05 Farm
37:08 Farm
37:10 Farm
40:35 Arcane Sanctum
40:59 Arcane Vault
» items
| Scroll of Regeneration | 8 | |
| Mechanical Critter | 8 | |
| Scroll of Town Portal | 2 | |
| Staff of Sanctuary | 1 | |
| Potion of Healing | 2 | |
21 total

»
777125686516548 (
orange | 32 APM | 1299 actions | 41:11)
3 Far Seer
1 Feral Spirit
2 Chain Lighting
» actions
| Basic commands | 37 | |
| Build / train | 71 | |
| Enter build submenu | 43 | |
| Enter hero's abilities submenu | 3 | |
| Remove unit from queue | 1 | |
| Right click | 684 | |
| Select / deselect | 385 | |
| Use ability | 75 | |
1299 total
» units
| Peon | 28 | |
| Grunt | 5 | |
| Wind Rider | 14 | |
| Goblin Shredder | 1 | |
| Troll Headhunter/Berserker | 2 | |
| Raider | 2 | |
52 total
» upgrades
| Armor | 2 | |
| Pillage | 1 | |
| Spiked Barricades | 1 | |
| Melee Weapons | 2 | |
| Berserker Strength | 1 | |
| Ranged Weapons | 3 | |
| Envenomed Spears | 1 | |
| Reinforced Defenses | 1 | |
12 total
» buildings
| Orc Burrow | 8 | |
| War Mill | 2 | |
| Altar of Storms | 1 | |
| Barracks | 1 | |
| Watch Tower | 25 | |
| Stronghold | 1 | |
| Voodoo Lounge | 1 | |
| Great Hall | 6 | |
| Beastiary | 4 | |
| Fortress | 1 | |
50 total
» build order
00:09 Orc Burrow
00:12 Orc Burrow
00:21 War Mill
01:38 Altar of Storms
02:00 Barracks
03:03 Watch Tower
03:49 Stronghold
04:31 Watch Tower
04:45 Orc Burrow
05:46 Orc Burrow
07:24 Voodoo Lounge
08:17 Great Hall
08:24 Watch Tower
08:25 Watch Tower
08:27 Watch Tower
09:00 Beastiary
11:04 Beastiary
12:03 Fortress
12:19 War Mill
13:03 Watch Tower
13:07 Watch Tower
18:38 Great Hall
19:19 Orc Burrow
19:20 Orc Burrow
19:22 Orc Burrow
20:22 Orc Burrow
20:26 Watch Tower
20:35 Watch Tower
20:41 Watch Tower
20:48 Watch Tower
22:10 Great Hall
22:19 Watch Tower
22:21 Watch Tower
22:23 Watch Tower
22:25 Watch Tower
23:00 Watch Tower
23:06 Watch Tower
25:35 Beastiary
25:40 Beastiary
26:55 Great Hall
27:33 Watch Tower
28:39 Watch Tower
36:11 Great Hall
36:17 Watch Tower
36:18 Watch Tower
39:52 Great Hall
39:56 Watch Tower
39:57 Watch Tower
41:07 Watch Tower
41:11 Watch Tower
TedNash (
blue | 63 APM | 2602 actions | 41:11)
6 Mountain King
3 Storm Bolt
2 Bash
1 Avatar
5 Blood Mage
3 Banish
2 Siphon Mana
» actions
| Assign group hotkey | 24 | |
| Basic commands | 372 | |
| Build / train | 89 | |
| Enter build submenu | 43 | |
| Enter hero's abilities submenu | 11 | |
| Give item / drop item | 7 | |
| Right click | 476 | |
| Select / deselect | 603 | |
| Select group hotkey | 821 | |
| Use ability | 156 | |
2602 total
» units
| Peasant | 13 | |
| Footman | 4 | |
| Rifleman | 13 | |
| Priest | 5 | |
| Goblin Shredder | 1 | |
| Mortar Team | 1 | |
| Siege Engine | 2 | |
39 total
» upgrades
| Lumber Harvesting | 1 | |
| Long Rifles | 1 | |
| Defend | 1 | |
| Gunpowder | 3 | |
| Fragmentation Shards | 1 | |
| Barrage | 1 | |
| Armor | 1 | |
9 total
» buildings
| Farm | 17 | |
| Altar of Kings | 2 | |
| Barracks | 4 | |
| Scout Tower | 5 | |
| Arcane Tower | 1 | |
| Arcane Vault | 2 | |
| Lumber Mill | 2 | |
| Keep | 1 | |
| Blacksmith | 2 | |
| Arcane Sanctum | 1 | |
| Castle | 1 | |
| Guard Tower | 2 | |
| Workshop | 1 | |
| Town Hall | 2 | |
43 total
» build order
00:06 Farm
00:08 Altar of Kings
00:22 Barracks
00:45 Farm
01:37 Farm
01:40 Scout Tower
02:07 Arcane Tower
02:12 Arcane Vault
03:15 Lumber Mill
03:59 Keep
05:00 Blacksmith
05:03 Farm
06:24 Farm
06:34 Arcane Sanctum
08:01 Farm
08:33 Farm
09:22 Castle
09:56 Farm
09:58 Scout Tower
09:59 Scout Tower
10:43 Guard Tower
10:46 Scout Tower
11:26 Farm
11:39 Workshop
12:01 Farm
14:51 Town Hall
19:01 Farm
19:02 Farm
25:46 Altar of Kings
25:47 Farm
27:38 Farm
28:19 Farm
32:50 Town Hall
36:42 Blacksmith
37:16 Barracks
37:20 Barracks
38:00 Lumber Mill
38:21 Farm
38:26 Scout Tower
40:18 Guard Tower
40:22 Barracks
40:24 Farm
41:05 Arcane Vault
» items
| Scroll of Regeneration | 6 | |
| Lesser Clarity Potion | 7 | |
| Potion of Healing | 2 | |
| Staff of Sanctuary | 2 | |
| Scroll of Town Portal | 4 | |
| Orb of Fire | 1 | |
22 total

»
FeelMyPain (
purple | 34 APM | 1389 actions | 41:11)
4 Paladin
2 Holy Light
1 Divine Shield
1 Devotion Aura
2 Archmage
1 Summon Water Elemental
1 Brilliance Aura
2 Blood Mage
1 Flame Strike
1 Siphon Mana
» actions
| Build / train | 70 | |
| Enter build submenu | 36 | |
| Enter hero's abilities submenu | 8 | |
| Give item / drop item | 3 | |
| Remove unit from queue | 4 | |
| Right click | 807 | |
| Select / deselect | 356 | |
| Use ability | 105 | |
1389 total
» units
| Peasant | 20 | |
| Footman | 7 | |
| Priest | 3 | |
| Rifleman | 1 | |
| Knight | 1 | |
32 total
» upgrades
| Defend | 1 | |
| Plating | 3 | |
| Swords | 2 | |
| Priest Training | 2 | |
| Animal War Training | 1 | |
| Lumber Harvesting | 1 | |
| Magic Sentry | 1 | |
11 total
» buildings
| Barracks | 2 | |
| Farm | 12 | |
| Altar of Kings | 1 | |
| Scout Tower | 15 | |
| Lumber Mill | 1 | |
| Arcane Tower | 2 | |
| Blacksmith | 1 | |
| Keep | 1 | |
| Guard Tower | 8 | |
| Arcane Sanctum | 1 | |
| Arcane Vault | 1 | |
| Town Hall | 1 | |
| Castle | 1 | |
| Workshop | 1 | |
48 total
» build order
00:08 Barracks
00:10 Barracks
00:53 Farm
01:00 Farm
01:28 Altar of Kings
01:42 Farm
01:51 Scout Tower
02:19 Lumber Mill
02:44 Arcane Tower
03:11 Blacksmith
03:46 Scout Tower
05:01 Keep
05:09 Guard Tower
05:09 Guard Tower
06:32 Scout Tower
06:53 Scout Tower
07:01 Arcane Tower
08:01 Arcane Sanctum
08:11 Guard Tower
08:16 Arcane Vault
08:27 Farm
08:28 Farm
09:37 Farm
09:42 Farm
10:49 Scout Tower
10:50 Scout Tower
12:23 Town Hall
13:29 Scout Tower
13:31 Scout Tower
15:19 Castle
17:15 Guard Tower
17:19 Scout Tower
17:23 Scout Tower
17:30 Guard Tower
19:16 Farm
19:19 Farm
19:25 Farm
19:35 Guard Tower
19:42 Farm
20:39 Workshop
21:01 Scout Tower
22:49 Scout Tower
22:53 Scout Tower
22:57 Scout Tower
23:24 Guard Tower
23:27 Farm
23:32 Guard Tower
23:37 Scout Tower
» items
team 2 (loser)
ColdDog (
red | 46 APM | 1906 actions | 41:11)
8 Archmage
3 Summon Water Elemental
3 Brilliance Aura
1 Mass Teleport
1 Blizzard
4 Demon Hunter
2 Immolation
2 Mana Burn
2 Death Knight
1 Death Coil
1 Animate Dead
» actions
| Basic commands | 679 | |
| Build / train | 166 | |
| ESC pressed | 11 | |
| Enter build submenu | 52 | |
| Enter hero's abilities submenu | 15 | |
| Remove unit from queue | 4 | |
| Right click | 12 | |
| Select / deselect | 817 | |
| Use ability | 150 | |
1906 total
» units
| Peasant | 26 | |
| Footman | 7 | |
| Dryad | 13 | |
| Mortar Team | 19 | |
| Druid of the Claw | 14 | |
| Sorceress | 7 | |
| Flying Machine | 15 | |
101 total
» upgrades
| Defend | 1 | |
| Masonry | 3 | |
| Gunpowder | 3 | |
| Abolish Magic | 1 | |
| Armor | 1 | |
| Strength of the Wild | 2 | |
| Lumber Harvesting | 2 | |
| Sorceress Training | 2 | |
| Druid of the Claw Training | 2 | |
| Fragmentation Shards | 1 | |
| Flak Cannons | 1 | |
| Mark of the Claw | 1 | |
| Plating | 2 | |
| Reinforced Hides | 1 | |
23 total
» buildings
| Altar of Kings | 1 | |
| Farm | 21 | |
| Barracks | 1 | |
| Town Hall | 3 | |
| Arcane Vault | 1 | |
| Lumber Mill | 1 | |
| Scout Tower | 8 | |
| Arcane Tower | 4 | |
| Keep | 2 | |
| Blacksmith | 2 | |
| Guard Tower | 5 | |
| Ancient of Lore | 1 | |
| Arcane Sanctum | 1 | |
| Workshop | 3 | |
| Castle | 1 | |
| Moon Well | 4 | |
| Tree of Life | 2 | |
61 total
» build order
00:41 Altar of Kings
00:53 Farm
01:08 Barracks
01:14 Farm
01:22 Farm
01:29 Farm
02:02 Farm
04:18 Town Hall
04:31 Arcane Vault
05:00 Lumber Mill
05:11 Scout Tower
05:41 Arcane Tower
05:44 Scout Tower
05:54 Keep
06:14 Blacksmith
06:16 Guard Tower
06:18 Farm
06:38 Scout Tower
07:24 Farm
07:26 Guard Tower
07:33 Farm
08:08 Ancient of Lore
08:11 Farm
08:23 Arcane Sanctum
08:26 Workshop
08:32 Workshop
08:34 Farm
08:54 Scout Tower
09:22 Castle
09:31 Arcane Tower
09:39 Arcane Tower
16:30 Farm
16:40 Farm
17:43 Farm
17:51 Farm
17:55 Farm
18:52 Farm
20:00 Farm
20:31 Farm
20:45 Scout Tower
22:31 Town Hall
24:42 Moon Well
24:44 Moon Well
25:18 Arcane Tower
25:20 Scout Tower
25:34 Farm
25:42 Farm
25:57 Guard Tower
26:22 Moon Well
26:46 Scout Tower
29:08 Guard Tower
29:10 Keep
29:13 Workshop
29:27 Scout Tower
29:42 Moon Well
30:03 Guard Tower
30:06 Blacksmith
30:09 Farm
31:18 Town Hall
36:53 Tree of Life
38:02 Tree of Life
» items
| Scroll of Regeneration | 6 | |
| Ivory Tower | 1 | |
| Scroll of Town Portal | 2 | |
| Potion of Healing | 2 | |
11 total

»
canecnpeeet (
yellow | 44 APM | 1184 actions | 27:08)
3 Death Knight
2 Unholy Aura
1 Death Coil
» actions
| Basic commands | 24 | |
| Build / train | 58 | |
| Enter build submenu | 23 | |
| Enter hero's abilities submenu | 3 | |
| Right click | 693 | |
| Select / deselect | 335 | |
| Use ability | 48 | |
1184 total
» units
| Acolyte | 11 | |
| Ghoul | 8 | |
| Crypt Fiend | 4 | |
| Goblin Shredder | 1 | |
| Gargoyle | 10 | |
| Goblin Sapper | 3 | |
| Goblin Zeppelin | 2 | |
39 total
» upgrades
| Creature Attack | 3 | |
| Unholy Armor | 1 | |
| Cannibalize | 1 | |
| Unholy Strength | 1 | |
| Creature Carapace | 2 | |
| Web | 1 | |
9 total
» buildings
| Crypt | 3 | |
| Ziggurat | 7 | |
| Graveyard | 2 | |
| Altar of Darkness | 1 | |
| Halls of the Dead | 1 | |
| Black Citadel | 1 | |
| Necropolis | 1 | |
| Tree of Eternity | 1 | |
| Spirit Tower | 1 | |
| Nerubian Tower | 1 | |
19 total
» build order
00:17 Crypt
00:21 Ziggurat
01:03 Crypt
01:06 Ziggurat
01:27 Graveyard
01:48 Altar of Darkness
02:19 Ziggurat
02:59 Ziggurat
03:31 Crypt
03:46 Ziggurat
06:47 Halls of the Dead
11:59 Black Citadel
12:10 Necropolis
13:14 Tree of Eternity
14:58 Graveyard
17:35 Ziggurat
17:37 Ziggurat
17:40 Spirit Tower
17:41 Nerubian Tower
drenchcoat (
pink | 37 APM | 1003 actions | 27:03)
8 Archmage
3 Summon Water Elemental
3 Brilliance Aura
1 Blizzard
1 Mass Teleport
» actions
| Basic commands | 342 | |
| Build / train | 68 | |
| ESC pressed | 15 | |
| Enter build submenu | 26 | |
| Enter hero's abilities submenu | 8 | |
| Right click | 6 | |
| Select / deselect | 473 | |
| Use ability | 65 | |
1003 total
» units
| Peasant | 25 | |
| Footman | 5 | |
| Rifleman | 6 | |
| Knight | 2 | |
38 total
» upgrades
| Gunpowder | 3 | |
| Swords | 3 | |
| Lumber Harvesting | 2 | |
| Long Rifles | 1 | |
| Armor | 3 | |
| Masonry | 3 | |
| Plating | 3 | |
| Animal War Training | 1 | |
19 total
» buildings
| Altar of Kings | 2 | |
| Farm | 10 | |
| Barracks | 3 | |
| Lumber Mill | 1 | |
| Blacksmith | 1 | |
| Keep | 1 | |
| Castle | 1 | |
| Town Hall | 5 | |
| Arcane Vault | 1 | |
25 total
» build order
01:07 Altar of Kings
01:11 Altar of Kings
01:23 Farm
02:05 Farm
02:08 Barracks
02:20 Barracks
02:26 Lumber Mill
02:29 Barracks
02:42 Farm
03:17 Blacksmith
03:25 Farm
03:54 Keep
04:05 Farm
06:55 Farm
07:51 Farm
08:32 Farm
10:12 Castle
10:26 Town Hall
11:11 Arcane Vault
11:45 Town Hall
14:28 Town Hall
19:04 Town Hall
19:51 Farm
20:35 Farm
25:15 Town Hall

»
EatTheApple (
teal | 54 APM | 429 actions | 07:57)
1 Demon Hunter
1 Mana Burn
» actions
| Assign group hotkey | 1 | |
| Build / train | 13 | |
| Enter build submenu | 12 | |
| Enter hero's abilities submenu | 1 | |
| Right click | 187 | |
| Select / deselect | 96 | |
| Select group hotkey | 100 | |
| Use ability | 19 | |
429 total
» units
» buildings
| Moon Well | 5 | |
| Altar of Elders | 1 | |
| Tree of Ages | 3 | |
| Hunter's Hall | 1 | |
| Ancient of Wonders | 1 | |
| Ancient of Lore | 2 | |
13 total
» build order
00:08 Moon Well
00:15 Altar of Elders
02:08 Tree of Ages
02:08 Tree of Ages
02:08 Tree of Ages
02:13 Moon Well
03:03 Moon Well
03:08 Hunter's Hall
04:02 Moon Well
04:30 Ancient of Wonders
04:56 Moon Well
05:05 Ancient of Lore
05:06 Ancient of Lore
Chat log
(00:02 / Allies) FeelMyPain: rush
(00:13 / Allies) TheWildOne: Not me, not this guy
(00:27 / Allies) FeelMyPain: knights and casters
(00:28 / Allies) FeelMyPain: then
(00:34 / Allies) FeelMyPain: double barracks
(04:18 / Allies) TheWildOne: lumbers?
(04:34 / Allies) TheWildOne: lumbers?
(04:44 / Allies) TheWildOne: lumbers?
(04:55 / Allies) TheWildOne: some lumbers chums?
(06:57 / Allies) FeelMyPain: wtf
(07:33 / Allies) 777125686516548: ty
(07:42 / Allies) TheWildOne: np
(07:43 / Allies) FeelMyPain: there u go blue
(07:50 / Allies) FeelMyPain: i got the move for that aura
(07:54 / Allies) TedNash: ty
(08:10 / Allies) 777125686516548: move the stuff from the mine
(08:35 / Allies) TheWildOne: your grunts
(08:44 / Allies) TedNash: u got it
(09:16 / Allies) TheWildOne: you probably want your grunts
(09:58 / Allies) FeelMyPain: blue omw
(10:38 / Allies) TedNash: yellow
(10:58 / Allies) TheWildOne: did you kill critters orange
(10:59 / Allies) TheWildOne: they were mine
(13:04 / Allies) TedNash: ty gents
(13:09 / Allies) FeelMyPain: anytime
(13:10 / Allies) FeelMyPain: :)
(14:36 / Allies) FeelMyPain: omw
(14:39 / Allies) TheWildOne: tp to top
(14:41 / Allies) TheWildOne: when they attack
(15:45 / Allies) TheWildOne: purp tp to roange
(15:52 / Allies) FeelMyPain: no tp
(15:53 / Allies) FeelMyPain: ...
(16:05 / Allies) FeelMyPain: u lvl 6 hero
(16:07 / Allies) FeelMyPain: ....
(16:27 / Allies) TheWildOne: never leave your base without tp
(16:37 / Allies) FeelMyPain: my bad
(16:59 / Allies) FeelMyPain: im sorry oj
(18:06 / Allies) FeelMyPain: oj all i can do is give gold
(18:09 / Allies) FeelMyPain: .... sorry man
(18:13 / Allies) FeelMyPain: my fault
(18:17 / Allies) TedNash: shit
(18:18 / Allies) TedNash: no tp
(18:27 / Allies) 777125686516548: ty
(18:29 / Allies) TheWildOne: get some tanks blue
(18:31 / Allies) TheWildOne: 2 tanks
(18:37 / Allies) TedNash: need gold
(19:57 / Allies) FeelMyPain: they outside my base
(21:17 / Allies) FeelMyPain: tping
(21:48 / Allies) TedNash: ffs
(21:49 / Allies) TedNash: i have no tp
(21:51 / All) 777125686516548: counter - they sent everything they had
(21:57 / All) 777125686516548: wipe them out
(22:07 / Allies) FeelMyPain: no
(22:13 / Allies) TheWildOne: kill pink base
(27:12 / Allies) TheWildOne: back blue
(27:17 / Allies) TheWildOne: to my base blue
(28:08 / Allies) 777125686516548: i did fuck all that whole game - i couldn't harvest worth a damn no matter how many men i put on it
(28:46 / Allies) FeelMyPain: red is best opn team
(29:07 / Allies) TedNash: gold plz
(29:08 / Allies) TedNash: for tp
(29:18 / Allies) FeelMyPain: make town hall over on their side
(29:22 / Allies) TedNash: ty
(31:29 / Allies) FeelMyPain: tped
(35:08 / Allies) TedNash: we need to xpo
(35:10 / Allies) FeelMyPain: we need to hit red
(35:22 / All) 777125686516548: gg
(35:59 / All) 777125686516548: I imagine that mine has played out?
(36:55 / Allies) FeelMyPain: blue
(36:56 / Allies) TedNash: lets attack
(36:59 / Allies) FeelMyPain: make some units
(37:02 / Allies) TedNash: working on it
(37:30 / Allies) FeelMyPain: blue
(37:32 / Allies) FeelMyPain: expo
(37:43 / Allies) TedNash: not worth it
(38:05 / Allies) FeelMyPain: expo
(38:37 / Allies) FeelMyPain: ok blue
(40:00 / Allies) TheWildOne: flee fools!
(40:23 / Allies) FeelMyPain: ty blue
(40:26 / Allies) FeelMyPain: i got u bro
(40:27 / Allies) TedNash: good work
(40:46 / Allies) FeelMyPain: i need a shop
(40:47 / Allies) FeelMyPain: some1
(40:58 / Allies) FeelMyPain: got 1
(41:00 / Allies) FeelMyPain: :D
(41:08 / Allies) FeelMyPain: no need wood